 Dungeon Crawl Stone Soup version 0.31-a0-716-gc7603755dd (webtiles) character file.

Game seed: 3360415423519542549

282 zyera the Magician (level 6, -1/41 HPs)
             Began as a Demonspawn Necromancer on Sept 10, 2023.
             Slain by a sky beast (3 damage)
             ... on level 4 of the Dungeon.
             The game lasted 00:11:42 (4201 turns).

zyera the Magician (Demonspawn Necromancer)         Turns: 4201, Time: 00:11:43

Health: -1/41      AC:  3    Str:  8    XL:     6   Next: 6%
Magic:  6/14       EV: 12    Int: 18    God:
Gold:   154        SH:  0    Dex: 14    Spells: 14/15 levels left

rFire   x . .        c - staff of cold
rCold   + + .        (no shield)
rNeg    . . .        k - +0 leather armour
rPois   .            (no helmet)
rElec   .            (no cloak)
rCorr   .            (no gloves)
SInv    .            (no boots)
Will    .....        o - amulet of regeneration
Stlth   +            d - ring of ice
HPRegen 1.06/turn    (no ring)
MPRegen 0.14/turn

%: no passive effects
@: confused
A: powered by death 1, sturdy frame 1, condensation shield
a: no special abilities


You were on level 4 of the Dungeon.
You visited 1 branch of the dungeon, and saw 4 of its levels.

You collected 154 gold pieces.

Inventory:

Hand Weapons
 p - a +0 whip of freezing
Armour
 a - a +0 robe
 k - a +0 leather armour (worn)
Magical Staves
 c - a staff of cold (weapon)
Jewellery
 d - a ring of ice (left hand)
 o - an amulet of regeneration (around neck)
Scrolls
 i - 2 scrolls of vulnerability
 j - a scroll of poison
 l - 2 scrolls of teleportation
 m - a scroll of fear
Potions
 b - a potion of magic
 e - a potion of lignification {unknown}
 f - 2 potions of attraction {unknown}
 g - 2 potions of curing {unknown}
 h - 2 potions of heal wounds {unknown}
 n - a potion of resistance {unknown}


   Skills:
 - Level 2.2 Dodging
 - Level 2.2 Stealth
 + Level 5.4 Spellcasting
 - Level 4.6 Necromancy


You had 14 spell levels left.
You knew the following spells:

 Your Spells              Type           Power      Damage    Failure   Level
a - Necrotise             Necr           84%        1d8       1%          1

Your spell library contained the following spells:

 Spells                   Type           Power      Damage    Failure   Level
 Vampiric Draining        Necr           21%        2d7       6%          3
 Animate Dead             Necr           21%        N/A       21%         4
 Ozocubu's Armour         Ice            10%        N/A       38%         3
 Tukima's Dance           Hex            4%         N/A       38%         3
 Agony                    Necr           21%        N/A       50%         5
 Dimensional Bullseye     Hex/Tloc       2%         N/A       80%         4
 Iskenderun's Mystic Bla  Conj/Tloc      4%         2d3       80%         4
 Ozocubu's Refrigeration  Ice            5%         4d8       100%        7


Dungeon Overview and Level Annotations

Branches:
Dungeon (4/15)
 Temple: D:4-7

Altars:
Dithmenos
Gozag
Hepliaklqana
Nemelex Xobeh
Qazlal
Vehumet

Shops:
D:4 :


Innate Abilities, Weirdness & Mutations

You regenerate a little health from kills.
Your movements are slightly less encumbered by armour. (ER -2)
A meltable shield of frost defends you. (SH +4)


Message History

A sky beast appears from thin air!
Reactivating autopickup.
The sky beast attacks as it pursues you!
The sky beast hits you but does no damage.
The sky beast attacks as it pursues you!
The sky beast hits you. The sky beast shocks you.
The sky beast barely misses you.
The sky beast attacks as it pursues you!
The sky beast hits you. The sky beast shocks you.
An orc wizard appears from thin air!
The sky beast attacks as it pursues you!
The sky beast closely misses you.
Casting: Necrotise (safe; 1% risk of failure)
Confirm with . or Enter, or press ? or * to list all spells.
Aiming: Necrotise (safe; 1% risk of failure)
Press: ? - help, Shift-Dir - straight line, f/p - orc wizard
Aim: an orc wizard, wielding a +4 dagger of electrocution and wearing a +0 robe (moderately wounded, chance to affect: 80%)
The orc wizard writhes in agony.
The orc wizard casts a spell at you.
You are confused.
The sky beast barely misses you.
You closely miss the sky beast. The sky beast hits you.
The sky beast shocks you.
An endoplasm comes into view.
The sky beast attacks as it pursues you!
The sky beast hits you. The sky beast shocks you.
The orc wizard attacks as it pursues you!
The orc wizard hits you with a +4 dagger of electrocution.
You are electrocuted!
* * * LOW HITPOINT WARNING * * *
The orc wizard attacks as it pursues you!
The orc wizard closely misses you.
The endoplasm quivers.
The sky beast attacks as it pursues you!
The sky beast hits you.
* * * LOW HITPOINT WARNING * * *
The sky beast shocks you.
* * * LOW HITPOINT WARNING * * *
The sky beast hits you.
You die...

...........#.............
...........#####.########
#.#.......#.....# .#
##..........##########
...
+...........~~~~~~~.~#
....
###..J....).##########
.... ##........# ....
#...Yo...# .(....
#....@...# .......
##..###..#
#....######......#
#....#...##...##)####
#....#...##...##....#
.............#####.#
####....##..## .#
#....##..... .#
#....##....... ..


You could see a sky beast, an orc wizard and an endoplasm.

Vanquished Creatures
  A sleepcap (D:4)
  An iguana (D:4)
  Natasha (D:4)
  An orc wizard (D:4)
  6 adders
  4 gnolls
  A worm (D:2)
  A dart slug (D:3)
  4 orcs (D:4)
  3 endoplasms
  A giant cockroach (D:2)
  8 goblins
  6 hobgoblins
  6 jackals (D:1)
  2 quokkas
  7 ball pythons
  4 bats
  2 frilled lizards
  8 kobolds
  5 rats
72 creatures vanquished.

Vanquished Creatures (collateral kills)
  A dart slug (D:1)
  A bat (D:1)
  3 goblins
  A ball python (D:1)
  A kobold (D:4)
7 creatures vanquished.

Grand Total: 79 creatures vanquished

Notes
Turn   | Place    | Note
-------+----------+-------------------------------------------
     0 | D:1      | zyera the Demonspawn Necromancer began the quest for the
                  | Orb.
     0 | D:1      | Reached XP level 1. HP: 13/13 MP: 3/3
   216 | D:1      | Gained mutation: A meltable shield of frost defends you.
                  | (SH +4) [demonic ancestry]
   216 | D:1      | Reached XP level 2. HP: 19/19 MP: 1/5
   942 | D:1      | Gained mutation: Your movements are slightly less
                  | encumbered by armour. (ER -2) [demonic ancestry]
   942 | D:1      | Reached XP level 3. HP: 24/24 MP: 3/6
  1908 | D:2      | Reached skill level 3 in Spellcasting
  2106 | D:2      | Reached XP level 4. HP: 30/30 MP: 6/8
  2215 | D:2      | Found a faded altar of an unknown god.
  2359 | D:2      | Identified the +2 dagger "Amuuwk Ratt" {freeze, rF+ rC+
                  | Str+3 Int+2}
  2734 | D:3      | Found a sparkling altar of Nemelex Xobeh.
  2827 | D:3      | Found a shadowy altar of Dithmenos.
  2840 | D:3      | Found an opulent altar of Gozag.
  3352 | D:4      | Noticed Natasha
  3360 | D:4      | Killed Natasha
  3426 | D:4      | Noticed a black bear
  3441 | D:4      | Found a stormy altar of Qazlal.
  3441 | D:4      | Noticed a sky beast
  3471 | D:4      | Found Kutsud's Self-Improvement Boutique.
  3522 | D:4      | Reached skill level 4 in Spellcasting
  3522 | D:4      | Reached XP level 5. HP: 14/35 MP: 1/11
  3669 | D:4      | Found a radiant altar of Vehumet.
  3730 | D:4      | Found a hazy altar of Hepliaklqana.
  3970 | D:4      | Reached skill level 5 in Spellcasting
  4120 | D:4      | Gained mutation: You regenerate a little health from kills.
                  | [demonic ancestry]
  4120 | D:4      | Reached XP level 6. HP: 25/41 MP: 8/14
  4200 | D:4      | HP: 1/41 [sky beast (6)]
  4201 | D:4      | Slain by a sky beast

Illustrated notes

Levels and vault maps discovered:
D:1:      dpeg_arrival_three_same_balls, layout_rooms, serial_corexii_hall,
          chequers_hall_statues_corner_a, chequers_hall_statues_corner_a,
          corexii_hall_statues_i, corexii_hall_statues_s,
          chequers_hall_statues_y, corexii_hall_statues_t
D:2:      layout_basic, ebering_ecumenical_altar_mist
D:3:      layout_basic, mainiacjoe_overflow_paths, mainiacjoe_overflow_swirl
D:4:      layout_basic, mainiacjoe_overflow_alcove_1, fiery_altar_vehumet,
          nicolae_qazlal_beasts_of_the_sky, portal_sewer_entry_d,
          nicolae_shop_self_help, uniq_natasha, uniq_duvessa, uniq_sigmund

Skill      XL: |  1  2  3  4  5 |
---------------+----------------+-----
Stealth        | 2 |  2.2
Dodging        | 2 |  2.2
Spellcasting   | 3 4 5 |  5.4
Necromancy     | |  4.6

Action                     |  1- 3 |  4- 6 || total
---------------------------+-------+-------++-------
  Melee: Staff             |       |     3 ||     3
   Cast: Necrotise         |    64 |   108 ||   172
    Use: Scroll            |     3 |     3 ||     6
 Armour: Robe              |     8 |       ||     8
         Leather armour    |       |    53 ||    53
  Dodge: Dodged            |    15 |    50 ||    65
  Block: Other             |     1 |    15 ||    16

Table legend: (Time is in decaauts)
 A = Elapsed time spent in this place.
 B = Non-inter-level travel time spent in this place.
 C = Inter-level travel time spent in this place.
 D = Time resting spent in this place.
 E = Time spent auto-exploring this place.
 F = Levels seen in this place.
 G = Mean time per level.
                   A        B        C        D        E       F      G
               +--------+--------+--------+--------+--------+-----+--------+
         Total |   4226 |   3987 |    239 |    711 |   2227 |   4 | 1056.5 |
       Dungeon |   4226 |   3987 |    239 |    711 |   2227 |   4 | 1056.5 |
               +--------+--------+--------+--------+--------+-----+--------+

Top non-repeatable levels by time:
     D:1: 1726 daAuts
     D:2: 1007 daAuts
     D:3: 835 daAuts
     D:4: 657 daAuts
